 Dungeon Crawl Stone Soup version 0.25-a0-308-geac79542e2 (webtiles) character file.

Game seed: 8686706982039614683, levelgen mode: deterministic

140 mopl the Chopper (level 5, 0/45 HPs)
             Began as a Hill Orc Monk on Dec 21, 2019.
             Slain by a gnoll
             ... wielding a +0 whip
              (7 damage)
             ... on level 3 of the Dungeon.
             The game lasted 00:02:14 (1754 turns).

mopl the Chopper (Hill Orc Monk)                    Turns: 1754, Time: 00:02:15

Health: 0/45       AC:  7    Str: 15    XL:     5   Next: 22%
Magic:  5/5        EV: 11    Int: 10    God:
Gold:   186        SH:  0    Dex: 13    Spells: 4/4 levels left

rFire    . . .     SeeInvis .   a - +0 hand axe
rCold    + . .     Gourm    .   (no shield)
rNeg     . . .     Faith    .   f - +1 ring mail {rC+}
rPois    .         Spirit   .   (no helmet)
rElec    .         Reflect  .   (no cloak)
rCorr    +         Harm     .   (no gloves)
MR       .....                  o - +0 pair of boots
Stlth    +.........             (no amulet)
HPRegen  0.15/turn              n - ring of resist corrosion
MPRegen  0.09/turn              (no ring)

@: no status effects
A: no striking features
a: no special abilities


You were on level 3 of the Dungeon.
You were not hungry.

You visited 1 branch of the dungeon, and saw 3 of its levels.

You collected 186 gold pieces.

Inventory:

Hand Weapons
 a - a +0 hand axe (weapon)
 b - a +2 dagger of venom
Armour
 f - a +1 ring mail of cold resistance (worn)
 o - a +0 pair of boots (worn)
Jewellery
 n - a ring of resist corrosion (left hand)
Scrolls
 d - a scroll of immolation {unknown}
 g - a scroll of teleportation {unknown}
 i - a scroll of remove curse {unknown}
 l - a scroll of fear
 p - 2 scrolls of blinking {unknown}
Potions
 e - a potion of lignification {!q}
 h - 3 potions of curing {unknown}
 j - 2 potions of mutation {unknown}
 k - a potion of degeneration {unknown}
 q - a potion of heal wounds
Comestibles
 c - 5 rations


   Skills:
 - Level 3.6 Fighting
 + Level 7.6 Axes
 - Level 2.4 Dodging
 - Level 1.5 Stealth


You had 4 spell levels left.
You didn't know any spells.
Your spell library was empty.

Dungeon Overview and Level Annotations

Branches:
Dungeon (3/15)

Altars:


Message History

You miss the adder.
The adder is lightly wounded.
You barely miss the giant cockroach. You barely miss the gnoll.
The giant cockroach barely misses you. The adder bites you.
* * * LOW HITPOINT WARNING * * *
The gnoll barely misses you.
Unknown command.
You hit the gnoll.
The gnoll is severely wounded.
You hit the giant cockroach but do no damage.
You hit the adder.
The giant cockroach completely misses you.
The adder bites you but does no damage. The gnoll hits you but does no damage.
Unknown command.
You hit the gnoll but do no damage.
The gnoll is severely wounded.
You barely miss the giant cockroach. You hit the adder.
The adder closely misses you. The giant cockroach closely misses you.
The gnoll hits you with a +0 whip!
You die...

#... ......## ..#
....##......##..# #
##)#...#..........##
#####.. ......#..#......
..#...###!....#.........
....#.#)#.#...#.........
......#.#....$#S).......
..#.........#.#.@....#
.....##.##....†sg.#.....
.###.#...#.###..........
.#...........#.#.....# #
.###.#...#.###.....##..
.....##.##.....)...# ..
..#.........#......# .
......#.#..........#
....#.#$#.#........#


You could see a gnoll, an adder and a giant cockroach.

Vanquished Creatures
  8 adders
  3 worms
  3 leopard geckos
  A ball python (D:2)
  5 giant cockroaches
  7 goblins
  6 hobgoblins
  2 jackals (D:1)
  2 quokkas
  4 bats
  2 frilled lizards (D:1)
  8 kobolds
  6 rats
57 creatures vanquished.

Notes
Turn   | Place    | Note
-------+----------+-------------------------------------------
     0 | D:1      | mopl the Hill Orc Monk began the quest for the Orb.
     0 | D:1      | Reached XP level 1. HP: 19/19 MP: 1/1
   133 | D:1      | Reached XP level 2. HP: 23/26 MP: 2/2
   602 | D:1      | Reached skill level 5 in Axes
   844 | D:2      | Reached XP level 3. HP: 31/31 MP: 3/3
   980 | D:2      | Reached skill level 6 in Axes
  1113 | D:2      | Reached XP level 4. HP: 31/39 MP: 4/4
  1396 | D:3      | Reached skill level 7 in Axes
  1707 | D:3      | Reached XP level 5. HP: 43/45 MP: 5/5
  1754 | D:3      | Slain by a gnoll

Levels and vault maps discovered:
D:1:      elethiomel_arrival_infinity_welcomes_careful_drivers,
          layout_loops_ring, minmay_misc_feat_hallway, minmay_misc_feat_room,
          grunt_decor_cap
D:2:      layout_basic
D:3:      layout_rooms, minmay_fractal_squares_5

Skill      XL: |  1  2  3  4 |
---------------+-------------+-----
Axes           | 5 6 7 |  7.6
Fighting       | |  3.6
Dodging        | |  2.4
Stealth        | |  1.5

Action                   |  1- 3 |  4- 6 || total
-------------------------+-------+-------++-------
Melee: Hand axe          |   104 |    79 ||   183
  Use: Scroll            |       |     3 ||     3
 Stab: Sleeping          |     1 |       ||     1
       Distracted        |     1 |       ||     1
  Eat: Chunk             |     1 |     2 ||     3
Armor: Ring mail         |    32 |    59 ||    91
Dodge: Dodged            |    53 |    89 ||   142

Table legend:
 A = Non-vault XP
 B = Vault XP
 C = Vault XP percentage of total XP
 D = Non-vault monster count
 E = Vault monster count
 F = Vault count percentage of total count
                 A         B        C        D         E       F
            +---------+---------+-------+---------+---------+-------
      Total |     181 |      19 |   9.5 |      54 |       3 |   5.3
            +---------+---------+-------+---------+---------+-------
        D:1 |      26 |       0 |   0.0 |      15 |       0 |   0.0
        D:2 |     105 |       0 |   0.0 |      26 |       0 |   0.0
        D:3 |      50 |      19 |  27.5 |      13 |       3 |  18.8
            +---------+---------+-------+---------+---------+-------
